| TOP OF THE 1ST |
|
Milwaukee Brewers batting - Pitching for Boston Red Sox : LHP Gary Perritt
|
|
Pitching: LHP Gary Perritt
|
|
|
Batting: SHB Alfredo Griffin
|
0-0: Ball 1-0: Ball 2-0: Fly out, F7 (Flyball, 78M, EV 86.3 MPH)
|
|
Batting: SHB Eddie Murray
|
0-0: Ground out 5-3 (Groundball, 56S, EV 84.4 MPH)
|
|
Batting: RHB Eric Davis
|
0-0: Foul Ball, location: 2F 0-1: Ball 1-1: Called Strike 1-2: Ground out 6-3 (Groundball, 6M, EV 80.6 MPH)
|
| Top of the 1st over - 0 runs, 0 hits, 0 errors, 0 left on base; Milwaukee 0 - Boston 0 |
| BOTTOM OF THE 1ST |
|
Boston Red Sox batting - Pitching for Milwaukee Brewers : LHP Gary Lucas
|
|
Pitching: LHP Gary Lucas
|
|
|
Batting: LHB Claudell Washington
|
0-0: Fly out, F7 (Flyball, 78XD, EV 96.9 MPH)
|
|
Batting: LHB Willie Aikens
|
0-0: Called Strike 0-1: Foul Ball, location: 2F 0-2: Ball 1-2: Ball 2-2: Foul Ball, location: 2F 2-2: Ball 3-2: Reached on error, E6 (Groundball, 56D, EV 98.8 MPH)
|
|
Batting: RHB Jeff Burroughs
|
0-0: Fly out, F9 (Line Drive, 9, EV 85.0 MPH) Runner from 2nd tags up, SAFE at 3rd with throw by RF
|
|
Batting: LHB George Brett
|
0-0: Ball 1-0: Foul Ball, location: 2F 1-1: SINGLE (Line Drive, 4D, EV 105.6 MPH) Willie Aikens scores
|
|
Batting: RHB Devin Pike
|
0-0: Ball 1-0: Foul Ball, location: 2F 1-1: Ball 2-1: 2-RUN HOME RUN (Flyball, 78XD, EV 106.9 MPH), Distance : 424 ft
|
|
Batting: LHB Daryl Sconiers
|
0-0: Ball 1-0: Ball 2-0: Called Strike 2-1: Ball 3-1: Ground out 4-3 (Groundball, 4D, EV 82.5 MPH)
|
| Bottom of the 1st over - 3 runs, 2 hits, 1 error, 0 left on base; Milwaukee 0 - Boston 3 |
| TOP OF THE 2ND |
|
Milwaukee Brewers batting - Pitching for Boston Red Sox : LHP Gary Perritt
|
|
Batting: RHB Mike Schmidt
|
0-0: Ball 1-0: Called Strike 1-1: Swinging Strike 1-2: SINGLE (Line Drive, 34D, EV 96.9 MPH)
|
|
Batting: RHB Ken Landreaux
|
0-0: Called Strike 0-1: SINGLE (Groundball, 56S, EV 63.1 MPH) (infield hit) Mike Schmidt to second
|
|
Batting: RHB Thurman Munson
|
0-0: Foul Ball, location: 2F 0-1: Ball 1-1: Ball 2-1: Called Strike 2-2: SINGLE (Flyball, 56D, EV 98.1 MPH) Mike Schmidt to third Ken Landreaux to second
|
|
Batting: LHB Denny Walling
|
0-0: Called Strike 0-1: Ball 1-1: Fly out, F8 (Flyball, 8RD, EV 94.4 MPH) Runner from 3rd tags up, SCORES, throw by CF Ken Landreaux to third
|
|
Batting: RHB Glenn Davis
|
0-0: Fielders Choice at 2nd, 3-6 (Groundball, 34S, EV 84.4 MPH) Ken Landreaux scores
|
|
Batting: RHB Steve Sax
|
0-0: Called Strike 0-1: Ball 1-1: Foul Ball, location: 2F 1-2: Ball 2-2: Foul Ball, location: 2F 2-2: Ball 3-2: Foul Ball, location: 2F 3-2: Strikes out looking
|
| Top of the 2nd over - 2 runs, 3 hits, 0 errors, 1 left on base; Milwaukee 2 - Boston 3 |
| BOTTOM OF THE 2ND |
|
Boston Red Sox batting - Pitching for Milwaukee Brewers : LHP Gary Lucas
|
|
Batting: RHB Kevin Klettke
|
0-0: Ball 1-0: Called Strike 1-1: SINGLE (Groundball, 4MD, EV 101.9 MPH)
|
|
Batting: SHB Scotti Madison
|
0-0: Ball 1-0: Foul Ball, location: 2F 1-1: Called Strike 1-2: Grounds into double play, 5-4-3 (Groundball, 5, EV 103.1 MPH)
|
|
Batting: SHB Nelson Norman
|
0-0: Called Strike 0-1: Foul Ball, location: 2F 0-2: Ball 1-2: Ball 2-2: Strikes out swinging
|
| Bottom of the 2nd over - 0 runs, 1 hit, 0 errors, 0 left on base; Milwaukee 2 - Boston 3 |
| TOP OF THE 3RD |
|
Milwaukee Brewers batting - Pitching for Boston Red Sox : LHP Gary Perritt
|
|
Batting: SHB Alfredo Griffin
|
0-0: Called Strike 0-1: Swinging Strike 0-2: Ground out 5-3 (Groundball, 56S, EV 65.0 MPH)
|
|
Batting: SHB Eddie Murray
|
0-0: Ball 1-0: Swinging Strike 1-1: Fly out, F8 (Flyball, 8RXD, EV 91.9 MPH)
|
|
Batting: RHB Eric Davis
|
0-0: Foul Ball, location: 2F 0-1: Ground out 5-3 (Groundball, 56, EV 78.8 MPH)
|
| Top of the 3rd over - 0 runs, 0 hits, 0 errors, 0 left on base; Milwaukee 2 - Boston 3 |
| BOTTOM OF THE 3RD |
|
Boston Red Sox batting - Pitching for Milwaukee Brewers : LHP Gary Lucas
|
|
Batting: LHB Claudell Washington
|
0-0: Ball 1-0: Bunted foul 1-1: Ball 2-1: Ground out U3 (Groundball, 13, EV 83.8 MPH)
|
|
Batting: LHB Willie Aikens
|
0-0: Called Strike 0-1: Ball 1-1: Ball 2-1: Fly out, F7 (Flyball, 7D, EV 90.0 MPH)
|
|
Batting: RHB Jeff Burroughs
|
0-0: Ball 1-0: Called Strike 1-1: Ball 2-1: Foul Ball, location: 2F 2-2: Ball 3-2: Foul Ball, location: 2F 3-2: SINGLE (Line Drive, 89S, EV 108.8 MPH)
|
|
Batting: LHB George Brett
|
0-0: SINGLE (Line Drive, 6D, EV 108.1 MPH) Jeff Burroughs to second
|
|
Batting: RHB Devin Pike
|
0-0: Ball 1-0: Ground out 6-3 (Groundball, 6S, EV 70.0 MPH)
|
| Bottom of the 3rd over - 0 runs, 2 hits, 0 errors, 2 left on base; Milwaukee 2 - Boston 3 |
| TOP OF THE 4TH |
|
Milwaukee Brewers batting - Pitching for Boston Red Sox : LHP Gary Perritt
|
|
Batting: RHB Mike Schmidt
|
0-0: Ball 1-0: Ball 2-0: Foul Ball, location: 2F 2-1: Ball 3-1: Called Strike 3-2: Foul Ball, location: 2F 3-2: SINGLE (Groundball, P, EV 85.6 MPH) (infield hit)
|
|
Batting: RHB Ken Landreaux
|
0-0: Grounds into double play, 6-4-3 (Groundball, 56D, EV 101.9 MPH)
|
|
Batting: RHB Thurman Munson
|
0-0: Foul Ball, location: 2F 0-1: Ball 1-1: Ball 2-1: Ground out 6-3 (Groundball, 6, EV 76.3 MPH)
|
| Top of the 4th over - 0 runs, 1 hit, 0 errors, 0 left on base; Milwaukee 2 - Boston 3 |
| BOTTOM OF THE 4TH |
|
Boston Red Sox batting - Pitching for Milwaukee Brewers : LHP Gary Lucas
|
|
Batting: LHB Daryl Sconiers
|
0-0: Ball 1-0: Ball 2-0: Foul Ball, location: 2F 2-1: Ball 3-1: Ground out U3 (Groundball, 34S, EV 84.4 MPH)
|
|
Batting: RHB Kevin Klettke
|
0-0: Ball 1-0: Foul Ball, location: 2F 1-1: Ball 2-1: Foul Ball, location: 2F 2-2: SINGLE (Flyball, 4D, EV 87.5 MPH)
|
|
Batting: SHB Scotti Madison
|
0-0: Called Strike 0-1: Swinging Strike 0-2: Fly out, F3 (Popup, 34S, EV 64.4 MPH)
|
|
Batting: SHB Nelson Norman
|
0-0: Ball 1-0: Called Strike 1-1: Foul Ball, location: 9LSF, Error on foul ball, E9 1-2: Ground out 4-3 (Groundball, 34, EV 91.3 MPH)
|
| Bottom of the 4th over - 0 runs, 1 hit, 1 error, 1 left on base; Milwaukee 2 - Boston 3 |
| TOP OF THE 5TH |
|
Milwaukee Brewers batting - Pitching for Boston Red Sox : LHP Gary Perritt
|
|
Batting: LHB Denny Walling
|
0-0: Called Strike 0-1: SINGLE (Line Drive, 89S, EV 106.9 MPH)
|
|
Batting: RHB Glenn Davis
|
0-0: Called Strike 0-1: Ball 1-1: Called Strike 1-2: Strikes out swinging
|
|
Batting: RHB Steve Sax
|
0-0: Foul Ball, location: 2F 0-1: Ball 1-1: Ball 2-1: Foul Ball, location: 2F 2-2: SINGLE (Line Drive, 89S, EV 91.9 MPH) Denny Walling to second Runner from 2nd tries for 3rd, SAFE, throw by CF made to third
|
|
Batting: SHB Alfredo Griffin
|
0-0: Ball 1-0: Foul Ball, location: 2F 1-1: Ball 2-1: Ball 3-1: Base on Balls Steve Sax to second
|
|
Batting: SHB Eddie Murray
|
0-0: Called Strike 0-1: Ball 1-1: Called Strike 1-2: Foul Ball, location: 2F 1-2: Strikes out looking
|
|
Batting: RHB Eric Davis
|
0-0: Called Strike 0-1: Swinging Strike 0-2: Ball 1-2: Foul Ball, location: 2F 1-2: Ball 2-2: Strikes out looking
|
| Top of the 5th over - 0 runs, 2 hits, 0 errors, 3 left on base; Milwaukee 2 - Boston 3 |
| BOTTOM OF THE 5TH |
|
Boston Red Sox batting - Pitching for Milwaukee Brewers : LHP Gary Lucas
|
|
Batting: LHB Claudell Washington
|
0-0: Ground out 4-3 (Groundball, 34, EV 101.9 MPH)
|
|
Batting: LHB Willie Aikens
|
0-0: Ball 1-0: Called Strike 1-1: Ball 2-1: Foul Ball, location: 2F 2-2: Ball 3-2: Ground out 4-3 (Groundball, 4, EV 82.5 MPH)
|
|
Batting: RHB Jeff Burroughs
|
0-0: Foul Ball, location: 2F 0-1: Fly out, F5 (Popup, 5SF, EV 85.6 MPH)
|
| Bottom of the 5th over - 0 runs, 0 hits, 0 errors, 0 left on base; Milwaukee 2 - Boston 3 |
| TOP OF THE 6TH |
|
Milwaukee Brewers batting - Pitching for Boston Red Sox : LHP Gary Perritt
|
|
Batting: RHB Mike Schmidt
|
0-0: Called Strike 0-1: Foul Ball, location: 2F 0-2: Ground out 5-3 (Groundball, 25, EV 80.6 MPH)
|
|
Batting: RHB Ken Landreaux
|
0-0: Ball 1-0: Foul Ball, location: 2F 1-1: DOUBLE (Line Drive, 9LM, EV 105.6 MPH)
|
|
Batting: RHB Thurman Munson
|
0-0: Ball 1-0: Ball 2-0: Called Strike 2-1: Swinging Strike 2-2: Foul Ball, location: 2F 2-2: Ball 3-2: Fly out, F7 (Flyball, 7LM, EV 90.0 MPH)
|
|
Batting: LHB Denny Walling
|
0-0: Ball 1-0: Ball 2-0: Foul Ball, location: 2F 2-1: Ball 3-1: Ground out 4-3 (Groundball, 4, EV 106.9 MPH)
|
| Top of the 6th over - 0 runs, 1 hit, 0 errors, 1 left on base; Milwaukee 2 - Boston 3 |
| BOTTOM OF THE 6TH |
|
Boston Red Sox batting - Pitching for Milwaukee Brewers : LHP Gary Lucas
|
|
Batting: LHB George Brett
|
0-0: Ball 1-0: Foul Ball, location: 2F 1-1: Ground out 6-3 (Groundball, 6MD, EV 105.6 MPH)
|
|
Batting: RHB Devin Pike
|
0-0: Ball 1-0: Called Strike 1-1: Called Strike 1-2: Ball 2-2: Foul Ball, location: 2F 2-2: Foul Ball, location: 2F 2-2: Foul Ball, location: 2F 2-2: Strikes out looking
|
|
Batting: LHB Daryl Sconiers
|
0-0: Ball 1-0: Foul Ball, location: 2F 1-1: Ball 2-1: Ground out 5-3 (Groundball, 56, EV 80.6 MPH)
|
| Bottom of the 6th over - 0 runs, 0 hits, 0 errors, 0 left on base; Milwaukee 2 - Boston 3 |
| TOP OF THE 7TH |
|
Milwaukee Brewers batting - Pitching for Boston Red Sox : LHP Gary Perritt
|
|
Batting: RHB Glenn Davis
|
0-0: Swinging Strike 0-1: Foul Ball, location: 2F 0-2: Strikes out swinging
|
|
Batting: RHB Steve Sax
|
0-0: Called Strike 0-1: Fly out, F7 (Line Drive, 78S, EV 87.5 MPH)
|
|
Batting: SHB Alfredo Griffin
|
0-0: Ball 1-0: Fly out, F5 (Line Drive, 5, EV 74.4 MPH)
|
| Top of the 7th over - 0 runs, 0 hits, 0 errors, 0 left on base; Milwaukee 2 - Boston 3 |
| BOTTOM OF THE 7TH |
|
Boston Red Sox batting - Pitching for Milwaukee Brewers : LHP Gary Lucas
|
|
Batting: RHB Kevin Klettke
|
0-0: Swinging Strike 0-1: Swinging Strike 0-2: Strikes out swinging
|
|
Batting: SHB Scotti Madison
|
0-0: Foul Ball, location: 2F 0-1: Ball 1-1: Ball 2-1: Ground out 6-3 (Groundball, 6, EV 98.1 MPH)
|
|
Batting: SHB Nelson Norman
|
0-0: Ball 1-0: Ground out 6-3 (Groundball, 6, EV 94.4 MPH)
|
| Bottom of the 7th over - 0 runs, 0 hits, 0 errors, 0 left on base; Milwaukee 2 - Boston 3 |
| TOP OF THE 8TH |
|
Milwaukee Brewers batting - Pitching for Boston Red Sox : LHP Gary Perritt
|
|
Pitching: RHP Bruce Sutter
|
|
|
Batting: SHB Eddie Murray
|
0-0: Ball 1-0: Foul Ball, location: 2F 1-1: Swinging Strike 1-2: Strikes out looking
|
|
Batting: RHB Eric Davis
|
0-0: SOLO HOME RUN (Flyball, 78XD, EV 90.6 MPH), Distance : 430 ft
|
|
Batting: RHB Mike Schmidt
|
0-0: Fly out, F9 (Line Drive, 9, EV 91.9 MPH)
|
|
Batting: RHB Ken Landreaux
|
0-0: Ball 1-0: Swinging Strike 1-1: Fly out, F8 (Flyball, 89D, EV 95.6 MPH)
|
| Top of the 8th over - 1 run, 1 hit, 0 errors, 0 left on base; Milwaukee 3 - Boston 3 |
| BOTTOM OF THE 8TH |
|
Boston Red Sox batting - Pitching for Milwaukee Brewers : LHP Gary Lucas
|
|
Batting: LHB Claudell Washington
|
0-0: Foul Ball, location: 2F 0-1: Foul Ball, location: 2F 0-2: Ball 1-2: Ball 2-2: Ground out 6-3 (Groundball, 6, EV 87.5 MPH)
|
|
Batting: LHB Willie Aikens
|
0-0: Called Strike 0-1: Fly out, F7 (Flyball, 78D, EV 90.0 MPH)
|
|
Batting: RHB Jeff Burroughs
|
0-0: Called Strike 0-1: Called Strike 0-2: Ground out 6-3 (Groundball, 6, EV 80.6 MPH)
|
| Bottom of the 8th over - 0 runs, 0 hits, 0 errors, 0 left on base; Milwaukee 3 - Boston 3 |
| TOP OF THE 9TH |
|
Milwaukee Brewers batting - Pitching for Boston Red Sox : RHP Bruce Sutter
|
|
Pinch Hitting: LHB Von Hayes
|
0-0: Called Strike 0-1: Ground out 4-3 (Groundball, 4D, EV 107.5 MPH)
|
|
Batting: LHB Denny Walling
|
0-0: Swinging Strike 0-1: Ball 1-1: Swinging Strike 1-2: Ball 2-2: Strikes out swinging
|
|
Batting: RHB Glenn Davis
|
0-0: Ball 1-0: Foul Ball, location: 2F 1-1: Swinging Strike 1-2: Foul Ball, location: 2F 1-2: Ball 2-2: Foul Ball, location: 2F 2-2: Ground out 6-3 (Groundball, 6D, EV 105.0 MPH)
|
| Top of the 9th over - 0 runs, 0 hits, 0 errors, 0 left on base; Milwaukee 3 - Boston 3 |
| BOTTOM OF THE 9TH |
|
Boston Red Sox batting - Pitching for Milwaukee Brewers : LHP Gary Lucas
|
|
Now at C: Tim Laudner
|
|
|
Batting: LHB George Brett
|
0-0: Ball 1-0: Called Strike 1-1: Ball 2-1: Fly out, F9 (Flyball, 89M, EV 82.5 MPH)
|
|
Batting: RHB Devin Pike
|
0-0: Ball 1-0: Ball 2-0: Ground out 6-3 (Groundball, 6, EV 85.0 MPH)
|
|
Pinch Hitting: RHB Richie Zisk
|
0-0: Ball 1-0: Ball 2-0: Swinging Strike 2-1: Swinging Strike 2-2: Fly out, F9 (Flyball, 9D, EV 77.5 MPH)
|
| Bottom of the 9th over - 0 runs, 0 hits, 0 errors, 0 left on base; Milwaukee 3 - Boston 3 |
| TOP OF THE 10TH |
|
Milwaukee Brewers batting - Pitching for Boston Red Sox : RHP Bruce Sutter
|
|
Now in LF: Richie Zisk
|
|
|
Batting: RHB Steve Sax
|
0-0: Ball 1-0: Ground out 6-3 (Groundball, 6, EV 79.4 MPH)
|
|
Batting: SHB Alfredo Griffin
|
0-0: Called Strike 0-1: Ball 1-1: Swinging Strike 1-2: Strikes out swinging
|
|
Batting: SHB Eddie Murray
|
0-0: Ball 1-0: Ball 2-0: Foul Ball, location: 2F 2-1: Ball 3-1: Fly out, F9 (Flyball, 89S, EV 91.9 MPH)
|
| Top of the 10th over - 0 runs, 0 hits, 0 errors, 0 left on base; Milwaukee 3 - Boston 3 |
| BOTTOM OF THE 10TH |
|
Boston Red Sox batting - Pitching for Milwaukee Brewers : LHP Gary Lucas
|
|
Pitching: LHP Jordan Ortiz
|
|
|
Batting: RHB Kevin Klettke
|
0-0: Swinging Strike 0-1: Called Strike 0-2: Strikes out looking
|
|
Batting: SHB Scotti Madison
|
0-0: Ball 1-0: Called Strike 1-1: Foul Ball, location: 2F 1-2: Fly out, F8 (Flyball, 8RXD, EV 91.9 MPH)
|
|
Pinch Hitting: SHB Dave Collins
|
0-0: Ball 1-0: Ball 2-0: Called Strike 2-1: SINGLE (Line Drive, 89S, EV 90.0 MPH)
|
|
Batting: LHB Claudell Washington
|
0-0: Ground out U3 (Groundball, 3L, EV 88.1 MPH)
|
| Bottom of the 10th over - 0 runs, 1 hit, 0 errors, 1 left on base; Milwaukee 3 - Boston 3 |
| TOP OF THE 11TH |
|
Milwaukee Brewers batting - Pitching for Boston Red Sox : RHP Bruce Sutter
|
|
Pitching: RHP Luis Albo
|
|
|
Now at SS: Albert Hall
|
|
|
Batting: RHB Eric Davis
|
0-0: Swinging Strike 0-1: Ball 1-1: SINGLE (Groundball, 6D, EV 104.4 MPH)
|
|
Batting: RHB Mike Schmidt
|
0-0: Called Strike 0-1: Ball 1-1: Ball 2-1: Called Strike 2-2: Strikes out swinging
|
|
Batting: RHB Ken Landreaux
|
0-0: Called Strike 0-1: Called Strike Eric Davis steals 2nd base 0-2: Foul Ball, location: 2F 0-2: Ground out 5-3 (Groundball, 56S, EV 90.0 MPH)
|
|
Batting: RHB Tim Laudner
|
0-0: Ball 1-0: Called Strike 1-1: Ball 2-1: Reached on error, E6 (Groundball, 6, EV 83.8 MPH) Eric Davis scores
|
|
Batting: LHB Denny Walling
|
0-0: Fly out, F9 (Flyball, 9D, EV 104.4 MPH)
|
| Top of the 11th over - 1 run, 1 hit, 1 error, 1 left on base; Milwaukee 4 - Boston 3 |
| BOTTOM OF THE 11TH |
|
Boston Red Sox batting - Pitching for Milwaukee Brewers : LHP Jordan Ortiz
|
|
Pitching: RHP Andy Messersmith
|
|
|
Now in LF: Ricky Jacquez
|
|
|
Batting: LHB Willie Aikens
|
0-0: SINGLE (Flyball, 4MD, EV 90.6 MPH)
|
|
Batting: RHB Jeff Burroughs
|
0-0: Ball 1-0: Called Strike 1-1: Ball 2-1: Foul Ball, location: 2F 2-2: Ball 3-2: Grounds into double play, 4-6-3 (Groundball, 4M, EV 88.1 MPH)
|
|
Batting: LHB George Brett
|
0-0: Ball 1-0: Foul Ball, location: 2F 1-1: Ball 2-1: Ball 3-1: Called Strike 3-2: SINGLE (Line Drive, 7LM, EV 93.1 MPH)
|
|
Batting: RHB Devin Pike
|
0-0: Ball 1-0: SINGLE (Groundball, P, EV 86.9 MPH) (infield hit) George Brett to second
|
|
Batting: RHB Richie Zisk
|
0-0: Called Strike 0-1: Ball 1-1: Ball 2-1: Ball 3-1: Base on Balls George Brett to third Devin Pike to second
|
|
Batting: RHB Kevin Klettke
|
0-0: Fielders Choice at 2nd, 6-4 (Groundball, 56, EV 80.0 MPH)
|
| Bottom of the 11th over - 0 runs, 3 hits, 0 errors, 3 left on base; Milwaukee 4 - Boston 3 |
|